 Dungeon Crawl Stone Soup version 0.30-b1-2-g02819fbbbe (webtiles) character file.

Game seed: 2203436928611102089

105 raph the Stinger (level 4, -2/33 HPs)
             Began as a Draconian Venom Mage on Dec 23, 2023.
             Killed by divine providence
             ... invoked by an orc priest
              (12 damage)
             ... on level 3 of the Dungeon.
             The game lasted 00:05:03 (2818 turns).

raph the Stinger (Draconian Venom Mage)             Turns: 2818, Time: 00:05:03

Health: -2/33      AC:  8    Str: 11    XL:     4   Next: 54%
Magic:  0/7        EV: 12    Int: 17    God:
Gold:   145        SH:  0    Dex: 11    Spells: 1/7 levels left

rFire   . . .        a - staff of poison
rCold   . . .        (no shield)
rNeg    . . .        (body armour unavailable)
rPois   +            (helmet restricted)
rElec   .            (no cloak)
rCorr   .            n - +1 pair of gloves
SInv    .            i - +0 pair of boots
Will    .....        (no amulet)
Stlth   ++           (no ring)
HPRegen 0.25/turn    (no ring)
MPRegen 0.10/turn

%: no passive effects
@: no status effects
A: AC +5, unfitting armour, cold-blooded
a: no special abilities


You were on level 3 of the Dungeon.
You visited 1 branch of the dungeon, and saw 3 of its levels.

You collected 145 gold pieces.

Inventory:

Hand Weapons
 b - a +0 scimitar
 d - a +0 dagger
Missiles
 g - 6 poisoned darts
 m - 3 datura-tipped darts
Armour
 f - a +0 buckler
 i - a +0 pair of boots (worn)
 n - a +1 pair of gloves (worn)
Magical Staves
 a - a staff of poison (weapon)
Potions
 c - 2 potions of mutation
 h - a potion of magic
 j - 3 potions of curing
 k - a potion of cancellation {unknown}


   Skills:
 - Level 1.7 Dodging
 - Level 1.7 Stealth
 - Level 2.0 Spellcasting
 + Level 1.9 Conjurations
 - Level 1.0 Transmutations
 + Level 4.9 Poison Magic


You had one spell level left.
You knew the following spells:

 Your Spells              Type           Power      Damage    Failure   Level
a - Sting                 Tmut/Pois      68%        1d6       6%          1
b - Poisonous Vapours     Pois/Air       30%        N/A       11%         2
c - Mephitic Cloud        Conj/Pois/Air  14%        N/A       22%         3

Your spell library contained the following spells:

 Spells                   Type           Power      Damage    Failure   Level
 Olgreb's Toxic Radiance  Pois           27%        N/A       26%         4


Dungeon Overview and Level Annotations

Branches:
Dungeon (3/15)

Altars:


Innate Abilities, Weirdness & Mutations

Your plain brown scales are hard. (AC +5)
You cannot fit into any form of body armour.
You are cold-blooded and may be slowed by cold attacks.


Message History

Aiming: Sting (safe; 6% risk of failure)
Press: ? - help, Q - select action, (/) - cycle Shift-Dir - straight line, f - orc
Aim: an orc, wielding a +0 flail (74% to hit)
You feel a surge of power!
The sting misses the orc.
The orc priest mumbles some strange prayers to Beogh against you.
Beogh smites you! The orc hits you with a +0 flail. The orc closely misses you.
The orc attacks as you move away! The orc closely misses you.
You see here a ring of magical power.
The orc attacks as you move away! The orc hits you with a +0 flail!
Aiming: Sting (safe; 6% risk of failure)
Press: ? - help, Q - select action, (/) - cycle Shift-Dir - straight line, f - orc priest, p - orc
Aim: an orc priest, wielding a +0 war axe and wearing a +0 leather armour (heavily wounded, 74% to hit)
You feel a surge of power!
The sting hits the orc priest but does no damage.
The orc priest is poisoned.
The orc priest is heavily wounded.
The orc priest hits you with a +0 war axe.
The orc closely misses you. The orc attacks as you move away!
The orc hits you with a +0 flail.
* * * LOW HITPOINT WARNING * * *
The orc priest barely misses you. The orc attacks as you move away!
The orc hits you with a +0 flail.
* * * LOW HITPOINT WARNING * * *
The orc priest attacks as you move away!
The orc priest hits you with a +0 war axe.
* * * LOW HITPOINT WARNING * * *
Okay, then.
You aren't carrying any scrolls.
The orc attacks as you move away! The orc barely misses you.
The orc priest attacks as you move away!
The orc priest hits you with a +0 war axe.
* * * LOW HITPOINT WARNING * * *
You feel better.
The orc priest hits you with a +0 war axe.
The orc barely misses you. The orc attacks as you move away!
The orc barely misses you.
The orc priest mumbles some strange prayers to Beogh against you.
Beogh smites you!
You die...

##### #...# #...##########
#............#
#...########.#####
######...##### #.....# ##
.............# #..##.# ...
...#.........####..##.####....
# #.......o.@.....##...<.....
#.##=#..o..####.#######....
#.#.##.#.##..# #.# ...
#>.....)........... ..
###.##.#.###.#...... #. #
#.#.# #.#.##.#.### #. ..#.#
#.# . .#....#####. .....# #$#
#######.#.##.. ....###
#...##..


You could see an orc priest (poisoned) and an orc.

Vanquished Creatures
  Jessica (D:3)
  Terence (D:3)
  An adder (D:2)
  A dart slug (D:2)
  4 orcs
  2 ball pythons
  7 endoplasms
  2 giant cockroaches
  3 goblins
  2 hobgoblins
  4 bats
  A frilled lizard (D:1)
  3 kobolds
  8 rats
40 creatures vanquished.

Notes
Turn   | Place    | Note
-------+----------+-------------------------------------------
     0 | D:1      | raph the Draconian Venom Mage began the quest for the Orb.
     0 | D:1      | Reached XP level 1. HP: 14/14 MP: 3/3
   354 | D:1      | Reached XP level 2. HP: 20/20 MP: 1/5
   357 | D:1      | Learned a level 2 spell: Poisonous Vapours
  1419 | D:2      | Reached skill level 4 in Poison Magic
  1691 | D:2      | Reached XP level 3. HP: 26/26 MP: 2/6
  1787 | D:2      | Learned a level 3 spell: Mephitic Cloud
  2208 | D:3      | Noticed Jessica
  2216 | D:3      | Killed Jessica
  2217 | D:3      | Reached skill level 1 in Conjurations
  2217 | D:3      | Reached XP level 4. HP: 33/33 MP: 1/7
  2298 | D:3      | Noticed Terence
  2318 | D:3      | Killed Terence
  2818 | D:3      | Killed from afar by an orc priest

Illustrated notes

Levels and vault maps discovered:
D:1:      minmay_arrival_solitary_statue, layout_loops_ring, feat_on_display
D:2:      layout_basic, nrook_mini_vaults
D:3:      layout_basic, hellmonk_ecumenical_altar_inner_sanctum, uniq_terence,
          uniq_jessica, uniq_ijyb

Skill      XL: |  1  2  3 |
---------------+----------+-----
Poison Magic   | 4 |  4.9
Conjurations   | 1 |  1.9
Dodging        | |  1.7
Stealth        | |  1.7
Spellcasting   | |  2.0
Transmutations | |  1.0

Action                     |  1- 3 |  4- 6 || total
---------------------------+-------+-------++-------
  Melee: Unarmed           |    10 |       ||    10
         Tailslap          |     4 |       ||     4
         Staff             |    22 |     4 ||    26
         Scimitar          |     1 |       ||     1
   Cast: Sting             |    34 |    11 ||    45
         Poisonous Vapours |    12 |     4 ||    16
         Mephitic Cloud    |       |     2 ||     2
    Use: Scroll            |       |     5 ||     5
         Potion            |       |     1 ||     1
   Stab: Sleeping          |     1 |       ||     1
 Armour: Skin              |    16 |     9 ||    25
  Dodge: Dodged            |    34 |    13 ||    47
